 Dungeon Crawl Stone Soup version 0.30-a0-878-gc727b3d3d6 (webtiles) character file.

Game seed: 17273080755316407651

44 Lavandula the Gusty (level 3, 0/24 HPs)
             Began as a Human Air Elementalist on Mar 12, 2023.
             Succumbed to an adder's poison
             ... on level 4 of the Dungeon.
             The game lasted 00:04:50 (2233 turns).

Lavandula the Gusty (Human Air Elementalist)        Turns: 2233, Time: 00:04:50

Health: 0/24       AC:  4    Str:  8    XL:     3   Next: 85%
Magic:  1/6        EV: 12    Int: 17    God:
Gold:   76         SH:  0    Dex: 13    Spells: 3/6 levels left

rFire   . . .      SeeInvis .    b - +0 dagger
rCold   . . .      Faith    .    (no shield)
rNeg    . . .      Spirit   .    a - +0 robe
rPois   .          Reflect  .    k - +0 helmet
rElec   .          Rampage  .    (no cloak)
rCorr   .                        (no gloves)
Will    .....                    f - +0 pair of boots
Stlth   ++                       (no amulet)
HPRegen 0.24/turn                (no ring)
MPRegen 0.10/turn                (no ring)

@: lethally poisoned (0 -> -4), attractive
A: no striking features
a: no special abilities


You were on level 4 of the Dungeon.
You visited 1 branch of the dungeon, and saw 4 of its levels.

You collected 76 gold pieces.

Inventory:

Hand Weapons
 b - a +0 dagger (weapon)
Armour
 a - a +0 robe (worn)
 f - a +0 pair of boots (worn)
 k - a +0 helmet (worn)
Scrolls
 c - a scroll of noise {unknown}
 d - a scroll of enchant weapon {unknown}
 e - 3 scrolls of identify
 l - a scroll of vulnerability {unknown}
 m - a scroll of teleportation {unknown}
 n - a scroll of amnesia {unknown}
Potions
 g - a potion of cancellation {unknown}
 h - a potion of invisibility {unknown}
 i - a potion of attraction
 j - a potion of curing
 o - a potion of haste {unknown}


   Skills:
 - Level 2.0 Dodging
 - Level 2.0 Stealth
 - Level 2.3 Spellcasting
 - Level 1.0 Conjurations
 + Level 4.2 Air Magic


You had 3 spell levels left.
You knew the following spells:

 Your Spells              Type           Power      Damage    Failure   Level
a - Shock                 Conj/Air       40%        1d5       6%          1
b - Static Discharge      Conj/Air       20%        2-3/arc   10%         2

Your spell library contained the following spells:

 Spells                   Type           Power      Damage    Failure   Level
 Swiftness                Air            16%        N/A       10%         3
 Call Canine Familiar     Summ           1%         N/A       50%         3
 Portal Projectile        Hex/Tloc       2%         N/A       50%         3
 Airstrike                Air            8%         2d(2-18)  32%         4
 Leda's Liquefaction      Hex/Erth       0%         N/A       88%         4


Dungeon Overview and Level Annotations

Branches:
Dungeon (4/15)
 Temple: D:4-7

Altars:

Annotations:
D:1 exclusion: gnoll


Message History

The goblin is attracted toward you. The orc is attracted toward you.
The endoplasm is attracted toward you.
Unknown command.
The adder attacks as you move away! The adder closely misses you.
The endoplasm quivers.
The adder barely misses you. The goblin barely misses you.
The endoplasm completely misses you. The orc is attracted toward you.
Unknown command.
The adder attacks as you move away! The adder bites you.
* * * LOW HITPOINT WARNING * * *
You are poisoned.
The adder poisons you! The goblin attacks as you move away!
The goblin hits you but does no damage.
* * * LOW HITPOINT WARNING * * *
You feel sick.
The quokka twitches its whiskers.
The orc barely misses you. The endoplasm is attracted toward you.
The orc attacks as you move away! The orc hits you with a +0 club.
* * * LOW HITPOINT WARNING * * *
The goblin attacks as you move away! The goblin hits you but does no damage.
* * * LOW HITPOINT WARNING * * *
You feel sick.
The endoplasm hits you but does no damage.
The quokka is attracted toward you.
There is a stone staircase leading down here.
You feel better. The adder bites you.
You are poisoned.
The adder poisons you! The adder closely misses you.
The goblin closely misses you. The orc hits you but does no damage.
The endoplasm freezes you.
You are frozen.
The quokka is attracted toward you.
* * * LOW HITPOINT WARNING * * *
You feel sick. The quokka closely misses you. The adder barely misses you.
The quokka bites you but does no damage.
The goblin completely misses you. The orc hits you but does no damage.
The endoplasm freezes you.
You are frozen.
* * * LOW HITPOINT WARNING * * *
You climb downwards.
You die...

## ##.###
####Jr..##..
#...@g......
#...S.......
#.............
#........S....
#...B..........
#..............
#.............#
..#............


You could see 2 adders, an endoplasm, a quokka, a giant cockroach (asleep) and a
goblin.

Vanquished Creatures
  A gnoll (D:2)
  A dart slug (D:1)
  6 endoplasms
  3 giant cockroaches
  3 goblins
  A hobgoblin (D:2)
  2 quokkas
  3 ball pythons
  4 bats
  3 frilled lizards
  A kobold (D:1)
  2 rats
30 creatures vanquished.

Notes
Turn   | Place    | Note
-------+----------+-------------------------------------------
     0 | D:1      | Lavandula the Human Air Elementalist began the quest for
                  | the Orb.
     0 | D:1      | Reached XP level 1. HP: 13/13 MP: 3/3
   448 | D:1      | Reached XP level 2. HP: 16/19 MP: 0/5
  1325 | D:2      | Reached XP level 3. HP: 24/24 MP: 3/6
  1328 | D:2      | Learned a level 2 spell: Static Discharge
  1371 | D:2      | Reached skill level 4 in Air Magic
  2232 | D:3      | HP: 1/24 [frozen (5)]
  2233 | D:4      | Succumbed to an adder's poison

Illustrated notes

Levels and vault maps discovered:
D:1:      scummos_arrival_hexagon, layout_loops_ring, kennysheep_minor_cross,
          palyth_stone_intersect
D:2:      minmay_alternating_diamond, layout_loops_ring, minmay_strange_pillars
D:3:      layout_rooms, mainiacjoe_overflow_alcove_1, gammafunk_ghost_split,
          uniq_grinder
D:4:      layout_cave_pools

Skill      XL: |  1  2  3 |
---------------+----------+-----
Air Magic      | 4 |  4.2
Dodging        | |  2.0
Stealth        | |  2.0
Spellcasting   | |  2.3
Conjurations   | |  1.0

Action                     || total
---------------------------++-------
  Melee: Unarmed           ||     3
         Dagger            ||     1
   Cast: Shock             ||    66
    Use: Potion            ||     3
         Scroll            ||     1
 Armour: Robe              ||    18
  Dodge: Dodged            ||    48

Table legend: (Time is in decaauts)
 A = Elapsed time spent in this place.
 B = Non-inter-level travel time spent in this place.
 C = Inter-level travel time spent in this place.
 D = Time resting spent in this place.
 E = Time spent auto-exploring this place.
 F = Levels seen in this place.
 G = Mean time per level.
                   A        B        C        D        E       F      G
               +--------+--------+--------+--------+--------+-----+--------+
         Total |   2232 |   2186 |     46 |    204 |   1714 |   4 |  558.0 |
       Dungeon |   2232 |   2186 |     46 |    204 |   1714 |   4 |  558.0 |
               +--------+--------+--------+--------+--------+-----+--------+

Top non-repeatable levels by time:
     D:1: 1177 daAuts
     D:2: 988 daAuts
     D:3: 65 daAuts
